 Dungeon Crawl Stone Soup version 0.22.1-1-ga44c0e5 (webtiles) character file.

31 Anon1729 the Twirler (level 3, 0/30 HPs)
             Began as a Ghoul Gladiator on Oct 30, 2018.
             Slain by an adder (3 damage)
             ... on level 1 of the Dungeon.
             The game lasted 00:01:24 (714 turns).

Anon1729 the Twirler (Ghoul Gladiator)               Turns: 714, Time: 00:01:25

Health: 0/30       AC:  4    Str: 17    XL:     3   Next: 22%
Magic:  2/2        EV: 12    Int:  4    God:
Gold:   45         SH:  0    Dex: 10    Spells: 2/2 levels left

rFire    . . .     SeeInvis .   a - +0 quarterstaff
rCold    + . .     Gourm    .   (shield currently unavailable)
rNeg     + + +     Faith    .   b - +0 leather armour
rPois    ∞         Spirit   .   c - +0 helmet
rElec    .         Reflect  .   (no cloak)
rCorr    .         Harm     .   (no gloves)
MR       .....                  (no boots)
Stlth    +.........             (no amulet)
HPRegen  0.00/turn              (no ring)
MPRegen  0.08/turn              (no ring)

@: rotting
A: rotting body, claws 1, carnivore, cold resistance 1, negative energy
resistance 3, inhibited regeneration, torment resistance, unbreathing
a: no special abilities


You were on level 1 of the Dungeon.
You were not hungry.

You visited 1 branch of the dungeon, and saw 2 of its levels.

You collected 45 gold pieces.

Inventory:

Hand Weapons
 a - a +0 quarterstaff (weapon)
Missiles
 d - 3 throwing nets (quivered)
Armour
 b - a +0 leather armour (worn)
 c - a +0 helmet (worn)
Scrolls
 e - a scroll of remove curse {unknown}
 h - a scroll of enchant armour {unknown}
 i - a scroll of random uselessness {unknown}
Comestibles
 f - a ration


   Skills:
 + Level 2.7 Fighting
 + Level 3.0 Staves
 - Level 1.7 Throwing
 + Level 1.0 Armour
 + Level 3.0 Dodging


You had 2 spell levels left.
You didn't know any spells.
Your spell library was empty.

Dungeon Overview and Level Annotations

Branches:
Dungeon (2/15)

Altars:


Innate Abilities, Weirdness & Mutations

Your body is rotting away.
You thrive on raw meat.
You are immune to poison.
You have sharp fingernails.
You are carnivorous and can eat meat at any time.
Your flesh is cold resistant. (rC+)
You are immune to negative energy. (rN+++)
You do not regenerate when monsters are visible.
You are immune to unholy pain and torment.
You can survive without breathing.


Message History

You closely miss the adder. The adder completely misses you.
You closely miss the adder. The adder misses you. The adder closely misses you.
You closely miss the adder. The adder completely misses you.
You hit the adder.
The adder is moderately wounded.
The adder closely misses you. The adder bites you but does no damage.
You closely miss the adder.
The adder is moderately wounded.
The adder bites you.
* * * LOW HITPOINT WARNING * * *
You barely miss the adder.
The adder is moderately wounded.
The adder barely misses you. The adder bites you but does no damage.
You hit the adder.
The adder is heavily wounded.
The adder misses you.
You barely miss the adder.
The adder is heavily wounded.
The adder bites you.
You die...

######### #.......##########
###########.###.......##....
#....#......###.......##....
#....#.....@..........##....
#..........S................
#...........................
#........##................#
#........##.###.....#...##.#
####....................#...
#######.##..................
#...###.##..................
#...#.....................#.


You could see an adder.

Vanquished Creatures
  An adder (D:2)
  A dart slug (D:1)
  A leopard gecko (D:1)
  A giant cockroach (D:1)
  3 goblins (D:1)
  4 hobgoblins (D:1)
  3 bats (D:1)
  2 kobolds (D:1)
  3 rats (D:1)
19 creatures vanquished.

Notes
Turn   | Place    | Note
-------+----------+-------------------------------------------
     0 | D:1      | Anon1729 the Ghoul Gladiator began the quest for the Orb.
     0 | D:1      | Reached XP level 1. HP: 17/17 MP: 0/0
   179 | D:1      | Reached XP level 2. HP: 24/25 MP: 1/1
   653 | D:2      | Reached skill level 1 in Armour
   653 | D:2      | Reached XP level 3. HP: 22/30 MP: 2/2
   714 | D:1      | Slain by an adder

Skill      XL: |  1  2 |
---------------+-------+-----
Staves         | 3 |  3.0
Armour         | 1 |  1.0
Dodging        | 3 |  3.0
Fighting       | |  2.7
Throwing       | |  1.7

Action                   || total
-------------------------++-------
Melee: Quarterstaff      ||    86
  Eat: Chunk             ||     3
Armor: Leather armour    ||    26
Dodge: Dodged            ||    75
